 Dungeon Crawl Stone Soup version 0.29-a0-653-gd47aff6735 (webtiles) character file.

Game seed: 4510265945216638680

10661 vineage the Fighter (level 11, -6/92 HPs)
             Began as a Demonspawn Gladiator on June 21, 2022.
             Was an Elder of Okawaru.
             Killed from afar by an acid dragon (36 damage)
             ... with a splash of acid
             ... on level 11 of the Dungeon.
             The game lasted 00:15:37 (13038 turns).

vineage the Fighter (Demonspawn Gladiator)         Turns: 13038, Time: 00:15:38

Health: -6/92      AC: 15    Str: 29    XL:     11   Next: 39%
Magic:  15/15      EV: 20    Int:  9    God:    Okawaru [****..]
Gold:   491        SH: 10    Dex: 21    Spells: 10/10 levels left

rFire   x . .      SeeInvis +   h - +0 morningstar (protect)
rCold   . . .      Faith    .   D - +0 buckler
rNeg    + + .      Spirit   .   j - +5 robe of Night {Dark Will+ SInv}
rPois   .          Reflect  .   c - +1 helmet
rElec   .          Harm     .   (no cloak)
rCorr   .          Rampage  .   r - +0 pair of gloves
Will    ++...                   q - +0 pair of boots
Stlth   ++........              (no amulet)
HPRegen 0.25/turn               l - ring of Faecec {rF- rN++ Will+ Str+10 Dex+6}
MPRegen 0.14/turn               o - +4 ring of evasion

@: corroded, under a protective aura, slowed, very slow
A: claws 1, large bone plates 2, (demonic guardian 2), powered by death 1
a: Renounce Religion, Heroism, Finesse


You were on level 11 of the Dungeon.
You worshipped Okawaru.
Okawaru was greatly pleased with you.
You visited 2 branches of the dungeon, and saw 12 of its levels.

You collected 491 gold pieces.

Inventory:

Hand Weapons
 a - a +0 flail
 h - a +0 morningstar of protection (weapon)
Missiles
 d - 6 throwing nets (quivered)
 e - a javelin
 C - 2 silver javelins
Armour
 c - a +1 helmet (worn)
 j - the +5 robe of Night (worn) {Dark Will+ SInv}
   (You found it on level 3 of the Dungeon)

   It shrouds the wearer in darkness, reducing the range at which they can see
   and be seen by others.
   SInv:      It lets you see invisible.
   Will:      It increases your willpower.
 q - a +0 pair of boots (worn)
 r - a +0 pair of gloves (worn)
 D - a +0 buckler (worn)
Jewellery
 b - a ring of see invisible
 l - the ring of Faecec (left hand) {rF- rN++ Will+ Str+10 Dex+6}
   (You acquired it on level 3 of the Dungeon)

   [ring of dexterity]

   Str:       It affects your strength (+10).
   Dex:       It affects your dexterity (+6).
   rF:        It makes you vulnerable to fire.
   rN:        It greatly protects you from negative energy.
   Will:      It increases your willpower.
 o - a +4 ring of evasion (right hand)
Wands
 x - a wand of light (5)
 y - a wand of polymorph (3)
Scrolls
 g - 5 scrolls of identify
 p - 2 scrolls of fear
 u - 2 scrolls of amnesia
 v - a scroll of poison
 z - a scroll of enchant armour
 A - 2 scrolls of fog
Potions
 f - 4 potions of flight
 k - a potion of heal wounds
 n - 3 potions of haste
 s - 2 potions of curing
 t - a potion of magic
 B - 2 potions of attraction


   Skills:
 * Level 10.4 Fighting
 * Level 9.8 Maces & Flails
 - Level 3.4 Throwing
 + Level 5.7 Armour
 + Level 7.2 Dodging
 + Level 5.4 Invocations


You had 10 spell levels left.
You didn't know any spells.
Your spell library contained the following spells:

 Spells                   Type           Power      Damage    Failure   Level
 Apportation              Tloc           0%         N/A       50%         1
 Petrify                  Tmut/Erth      0%         N/A       99%         4
 Alistair's Intoxication  Tmut/Pois      0%         N/A       100%        5
 Borgnjor's Vile Clutch   Necr/Erth      0%         N/A       100%        5
 Metabolic Englaciation   Hex/Ice        0%         N/A       100%        5
 Eringya's Noxious Bog    Tmut/Pois      0%         N/A       100%        6
 Statue Form              Tmut/Erth      0%         N/A       100%        6


Dungeon Overview and Level Annotations

Branches:
Dungeon (11/15)            Temple (1/1) D:5             Orc (0/2) D:9
   Lair: D:8-11

Altars:
Ashenzari
Cheibriados
Dithmenos
Elyvilon
Hepliaklqana
Kikubaaqudgha
Makhleb
Nemelex Xobeh
Okawaru
Qazlal
Ru
Sif Muna
Trog
Uskayaw
Vehumet
Wu Jian
Yredelemnul
Zin

Shops:
D:7 =(=?


Innate Abilities, Weirdness & Mutations

You have sharp fingernails.
You are mostly covered in large bone plates. (SH +6)
((A demonic guardian rushes to your aid.))
You regenerate a little health from kills.


Message History

The acid dragon misses you. x2
You barely miss the acid dragon. You block the acid dragon's attack.
The acid dragon misses you. You block the acid dragon's attack.
The acid dragon closely misses you.
You puncture the acid dragon!
Your weapon exudes an aura of protection.
The acid dragon is moderately wounded.
The acid dragon spits acid at you. The splash of acid hits you!
You barely miss the acid dragon.
The acid dragon is moderately wounded.
You block the acid dragon's attack. The acid dragon closely misses you.
The acid dragon spits acid at you. The splash of acid hits you!!
The acid corrodes you!
You are too injured to fight recklessly!
You are too injured to fight recklessly!
You are too injured to fight recklessly!
You are too injured to fight recklessly!
You are too injured to fight recklessly!
You are too injured to fight recklessly!
You are too injured to fight recklessly!
You are too injured to fight recklessly!
You are too injured to fight recklessly!
You are too injured to fight recklessly!
You are too injured to fight recklessly!
You barely miss the acid dragon.
The acid dragon is moderately wounded.
The acid dragon completely misses you.
The acid dragon claws you but does no damage.
You sock the acid dragon!
Your weapon exudes an aura of protection.
The acid dragon is severely wounded.
The acid dragon bites you but does no damage.
The acid dragon barely misses you. You block the acid dragon's attack.
The acid dragon claws you but does no damage.
You hit the acid dragon.
The acid dragon is severely wounded.
The acid dragon spits acid at you. The splash of acid hits you!!!
You die...

#..# #..# #..# #..# #..#
#..# #..# #..# #..# #..#
#####..###############..#
........................#
..........)....$........#
...........@D..<........#
........................#
........>...............#
........................#
........................#
........................#
..<......... ........#
............ ........#
............ ........#


You could see an acid dragon (catching breath).

Vanquished Creatures
  A boulder beetle (D:10)
  The ghost of Tonnatak the Archer, a journeyman DsHu of Fedhas (D:9)
  A two-headed ogre (D:8)
  A deep elf pyromancer (D:9)
  A cyclops (D:11)
  A gargoyle (D:10)
  A troll (D:11)
  2 wraiths (D:11)
  A wyvern (D:9)
  14 yaks
  4 steam dragons
  3 vampire mosquitoes (D:10)
  2 acid dragons
  A water moccasin (D:5)
  An orc warrior (D:7)
  A sky beast (D:7)
  3 black bears
  2 ice beasts (D:7)
  An ogre (D:6)
  A centaur (D:6)
  2 phantoms
  A necrophage (D:6)
  A kobold brigand (D:9)
  A gnoll sergeant (D:8)
  4 bullfrogs
  A scorpion (D:6)
  8 wights
  14 killer bees
  A howler monkey (D:7)
  5 orc priests
  4 hounds
  A gnoll shaman (D:5)
  7 iguanas
  13 orc wizards
  16 gnolls
  12 adders
  A shadow imp (D:8)
  A white imp (D:7)
  3 ufetubi
  2 worms (D:2)
  3 dart slugs
  36 orcs
  7 ball pythons
  8 endoplasms
  A giant cockroach (D:1)
  10 goblins
  8 hobgoblins
  16 kobolds
  A quokka (D:2)
  4 bats (D:3)
  2 frilled lizards
  2 rats
239 creatures vanquished.

Vanquished Creatures (collateral kills)
  A phantom (D:5)
  4 gnolls
5 creatures vanquished.

Vanquished Creatures (others)
  5 plants (D:11)
5 creatures vanquished.

Grand Total: 249 creatures vanquished

Notes
Turn   | Place    | Note
-------+----------+-------------------------------------------
     0 | D:1      | vineage the Demonspawn Gladiator began the quest for the
                  | Orb.
     0 | D:1      | Reached XP level 1. HP: 16/16 MP: 1/1
    46 | D:1      | Gained mutation: You are partially covered in large bone
                  | plates. (SH +4) [demonic ancestry]
    46 | D:1      | Reached XP level 2. HP: 22/22 MP: 2/2
   268 | D:1      | Found a faded altar of an unknown god.
  1012 | D:2      | Gained mutation: A weak demonic guardian rushes to your
                  | aid. [demonic ancestry]
  1012 | D:2      | Reached XP level 3. HP: 15/28 MP: 3/3
  1416 | D:2      | Reached skill level 3 in Fighting
  1416 | D:2      | Reached XP level 4. HP: 3/35 MP: 4/4
  2387 | D:3      | Found the +5 robe of Night {Dark Will+ SInv}
  2935 | D:3      | Identified a scroll of acquirement
  2935 | D:3      | Acquired the ring of Faecec {rF- rN++ Will+ Str+10 Dex+6}
  3021 | D:3      | Reached XP level 5. HP: 41/41 MP: 5/5
  3726 | D:4      | Reached skill level 4 in Fighting
  3726 | D:4      | Gained mutation: You regenerate a little health from kills.
                  | [demonic ancestry]
  3726 | D:4      | Reached XP level 6. HP: 41/48 MP: 6/6
  4291 | D:5      | Entered Level 5 of the Dungeon
  4342 | D:5      | Noticed a water moccasin
  4355 | D:5      | Killed a water moccasin
  4364 | D:5      | Reached XP level 7. HP: 15/55 MP: 7/7
  4644 | D:5      | Reached skill level 5 in Maces & Flails
  4650 | D:5      | Reached skill level 5 in Fighting
  4831 | D:5      | Reached skill level 1 in Armour
  4847 | D:5      | Gained mutation: You have sharp fingernails. [demonic
                  | ancestry]
  4847 | D:5      | Reached XP level 8. HP: 24/64 MP: 8/8
  5153 | D:5      | Found a staircase to the Ecumenical Temple.
  5160 | Temple   | Entered the Ecumenical Temple
  5364 | Temple   | Became a worshipper of Warmaster Okawaru
  5703 | D:6      | Reached skill level 6 in Fighting
  6170 | D:6      | Reached * piety under Okawaru
  6528 | D:6      | Reached skill level 5 in Dodging
  6661 | D:6      | Reached skill level 7 in Fighting
  7022 | D:7      | Reached XP level 9. HP: 72/72 MP: 9/9
  7419 | D:7      | Reached ** piety under Okawaru
  7500 | D:7      | Found Tefitoeqo's Jewellery Emporium.
  7525 | D:7      | Found a flagged portal.
  7579 | D:7      | Found Jeaqegal's Antique Weapon Emporium.
  7590 | D:7      | Found Uhaesyb's Jewellery Boutique.
  7606 | D:7      | Found Haikaesi's Magic Scroll Boutique.
  8169 | D:7      | Reached skill level 8 in Fighting
  8454 | D:7      | Reached *** piety under Okawaru
  8922 | D:8      | Gained mutation: You are mostly covered in large bone
                  | plates. (SH +6) [demonic ancestry]
  8922 | D:8      | Reached XP level 10. HP: 82/82 MP: 10/10
  9069 | D:8      | Reached skill level 1 in Invocations
  9090 | D:8      | Noticed a two-headed ogre
  9097 | D:8      | Killed a two-headed ogre
  9524 | D:9      | Found a runed translucent door.
  9526 | D:9      | Noticed Tonnatak's ghost (journeyman DsHu)
  9528 | D:9      | Noticed a deep elf pyromancer
  9551 | D:9      | Reached **** piety under Okawaru
  9552 | D:9      | Reached skill level 9 in Fighting
 10051 | D:9      | Found a staircase to the Orcish Mines.
 10806 | D:9      | Killed Tonnatak's ghost
 10822 | D:9      | Killed a deep elf pyromancer
 10823 | D:9      | Reached skill level 5 in Armour
 10946 | D:10     | Entered Level 10 of the Dungeon
 11053 | D:10     | Noticed a boulder beetle
 11096 | D:10     | Received a gift from Okawaru
 11372 | D:10     | Noticed a gargoyle
 11378 | D:10     | Killed a gargoyle
 11475 | D:10     | HP: 4/85 [boulder beetle (33)]
 11482 | D:10     | Killed a boulder beetle
 11483 | D:10     | Gained mutation: A demonic guardian rushes to your aid.
                  | [demonic ancestry]
 11483 | D:10     | Reached XP level 11. HP: 19/90 MP: 11/14
 11854 | D:10     | Reached skill level 10 in Fighting
 12711 | D:10     | Reached skill level 5 in Invocations
 13038 | D:11     | Killed from afar by an acid dragon

Illustrated notes

Levels and vault maps discovered:
D:1:      dpeg_arrival_court, layout_basic, shapermc_ecumenical_altar_acropolis
D:2:      layout_loops_cross, minmay_door_square,
          chequers_serial_rivers_micro_d, uniq_crazy_yiuf_cottage
D:3:      minmay_wonky_spiral, layout_basic, grunt_ministairs_2
D:4:      layout_cave_pools
D:5:      layout_rooms, minmay_temple_entry_trees, kennysheep_generic_room_15
D:6:      layout_loops_ring, chequers_serial_rivers_large_b
D:7:      layout_basic, enter_bailey_5, serial_shops, nicolae_shop_hallway_plus,
          nicolae_shop_hallway_stairs, kennysheep_little_box, shop,
          minmay_fountain_box
D:8:      layout_basic
D:9:      layout_loops_ring, orc_david_3, ebering_ghost_inner_flame
D:10:     layout_cave_pods, mainiacjoe_overflow_tiny_flanked
D:11:     layout_long_grid, david_lair_shrubbed
Temple:   mainiacjoe_temple_starburst

Skill      XL: |  1  2  3  4  5  6  7  8  9 10 11 |
---------------+----------------------------------+-----
Throwing       | 2 3 |  3.4
Maces & Flails | 3 4 5 6 8 9 |  9.8
Dodging        | 3 4 5 6 7 |  7.2
Fighting       | 3 4 5 7 8 9 10 | 10.4
Armour         | 1 2 4 5 |  5.7
Invocations    | 4 5 |  5.4

Action                   |  1- 3 |  4- 6 |  7- 9 | 10-12 || total
-------------------------+-------+-------+-------+-------++-------
Melee: Flail             |    98 |   202 |    70 |       ||   370
       Punch             |       |     4 |     5 |     6 ||    15
       Morningstar       |       |       |   275 |   361 ||   636
Invok: Heroism           |       |       |     1 |    10 ||    11
       Finesse           |       |       |       |     1 ||     1
  Use: Scroll            |       |    11 |     7 |     3 ||    21
       Potion            |       |     1 |     1 |     1 ||     3
 Stab: Sleeping          |     1 |     6 |     5 |     2 ||    14
Armor: Leather armour    |    18 |       |       |       ||    18
       Chain mail        |       |    31 |       |       ||    31
       Robe              |       |    91 |   108 |    67 ||   266
Dodge: Dodged            |    54 |   151 |   336 |   333 ||   874
Block: Other             |    26 |    59 |    80 |    85 ||   250
       Buckler           |       |       |       |    56 ||    56

Table legend: (Time is in decaauts)
 A = Elapsed time spent in this place.
 B = Non-inter-level travel time spent in this place.
 C = Inter-level travel time spent in this place.
 D = Time resting spent in this place.
 E = Time spent auto-exploring this place.
 F = Levels seen in this place.
 G = Mean time per level.
                   A        B        C        D        E       F      G
               +--------+--------+--------+--------+--------+-----+--------+
         Total |  13188 |  12406 |    782 |   2303 |   8077 |  12 | 1099.0 |
       Dungeon |  12928 |  12205 |    723 |   2303 |   7881 |  11 | 1175.3 |
        Temple |    259 |    200 |     59 |      0 |    196 |   1 |  259.0 |
               +--------+--------+--------+--------+--------+-----+--------+

Top non-repeatable levels by time:
     D:7: 2089 daAuts
    D:10: 1652 daAuts
     D:2: 1531 daAuts
     D:9: 1478 daAuts
     D:5: 1388 daAuts
     D:3: 1323 daAuts
     D:6: 947 daAuts
     D:1: 887 daAuts
     D:8: 685 daAuts
     D:4: 613 daAuts
    D:11: 331 daAuts
  Temple: 259 daAuts
